Map: Nightshade LE

Players

liquidthermy (uThermal) - Winner!

  • Race: Terran Terran
  • Spawn Location: 5:00

Lambo

  • Race: Zerg Zerg
  • League: Master
  • Spawn Location: 11:00

Event: Shopify TSL 5

VOD

Have the link to the VOD?

Description

Time

  • Played on: May 16, 2020, 12:01 p.m.
  • Length: 9:45

All games in this series

Show
View Real Time Build Order
Export as new Build Order

liquidthermy Terran - Winner!

Build Orders: Reaper Expand, Hellion Banshee 

Get SALT Encoding   

  12  0:01  SCV  
  13  0:13  SCV  
  14  0:18  Supply Depot  
  14  0:25  SCV  
  15  0:39  SCV  
  15  0:40  Barracks  
  16  0:43  Refinery  
  16  0:52  SCV  
  17  1:04  SCV  
  18  1:16  SCV  
  19  1:27  Reaper  
  19  1:28  Orbital Command  
  20  1:39  Command Center  
  20  1:49  Supply Depot  
  20  1:54  SCV  
  21  1:59  Marine  
  22  2:06  SCV  
  23  2:08  Factory  
  23  2:18  SCV  
  23  2:20  Barracks Reactor  
  24  2:30  SCV  
  25  2:42  SCV  
  26  2:46  Command Center  
  26  2:54  SCV  
  27  2:59  Orbital Command  
  27  3:00  Starport  
  27  3:06  SCV  
  27  3:08  Refinery  
  27  3:12  Hellion  
  30  3:18  SCV, Hellion  
  33  3:22  Barracks Tech Lab  
  33  3:25  SCV  
  34  3:30  SCV  
  35  3:34  Hellion  
  35  3:37  SCV  
  35  3:39  Hellion  
  40  3:43  SCV  
  41  3:49  SCV  
  41  3:50  Banshee  
  41  3:55  SCV  
  46  3:59  Orbital Command  
  46  4:01  SCV, Hellion x2  
  51  4:05  Barracks Tech Lab  
  51  4:07  SCV  
  52  4:13  SCV  
  52  4:15  Supply Depot  
  53  4:19  SCV  
  53  4:23  Marine  
  55  4:25  SCV x2  
  55  4:28  Stimpack  
  55  4:31  SCV  
  58  4:37  SCV x2  
  60  4:40  Barracks x2  
  60  4:41  Marine  
  60  4:42  Starport Reactor, Supply Depot  
  60  4:43  Siege Tank  
  60  4:44  SCV  
  65  4:49  SCV  
  65  4:50  Engineering Bay  
  66  4:55  SCV  
  66  4:56  Engineering Bay  
  66  4:59  SCV, Marine, Refinery  
  69  5:05  Supply Depot  
  69  5:07  SCV  
  69  5:10  Orbital Command  
  69  5:13  SCV  
  71  5:15  Barracks, Siege Tank  
  71  5:16  Barracks  
  71  5:17  Marine  
  75  5:23  SCV  
  76  5:29  SCV, Starport Reactor, Marine x2  
  76  5:31  Refinery  
  76  5:33  Marine  
  76  5:35  Marine x2  
  81  5:38  Supply Depot  
  81  5:40  Terran Infantry Armor Level 1, Terran Infantry Weapons Level 1  
  82  5:44  SCV  
  82  5:47  SCV, Marine  
  82  5:49  Supply Depot  
  85  5:50  Marine  
  85  5:51  Marine  
  85  5:59  Marine x2  
  85  6:00  SCV  
  85  6:01  Siege Tank  
  85  6:02  SCV  
  85  6:04  Barracks Reactor x2  
  92  6:05  Marine  
  92  6:06  SCV  
  92  6:08  Marine x2  
  96  6:13  SCV  
  96  6:16  Supply Depot  
  96  6:17  SCV, Supply Depot  
  98  6:20  SCV  
  98  6:21  Marine x2  
  98  6:23  Marine, Combat Shield  
  98  6:25  SCV  
  103  6:26  Marine  
  103  6:29  SCV  
  103  6:32  SCV, Medivac  
  108  6:37  Marine  
  108  6:38  Siege Tank, Marine, Supply Depot  
  113  6:40  Marine x3  
  113  6:44  Marine  
  113  6:45  Armory  
  117  6:48  Supply Depot  
  117  6:49  Marine  
  117  6:50  Medivac  
  117  6:51  Marine x2  
  122  6:57  Marine  
  122  7:01  Marine  
  124  7:02  Marine  
  124  7:03  Marine  
  124  7:06  Barracks, Marine  
  124  7:07  Barracks  
  124  7:09  Barracks  
  124  7:10  Siege Tank, Marine x2  
  124  7:11  Marine  
  124  7:15  Marine  
  131  7:18  Marine  
  131  7:20  Marine x2, Supply Depot x2  
  136  7:24  Marine x2  
  136  7:28  Marine  
  141  7:37  Marine x2  
  121  7:44  Marine x4  
  121  7:45  Siege Tank, Marine x2  
  121  7:46  Marine  
  127  7:55  Marine x2  
  123  8:00  Marine  
  123  8:02  Marine x2  
  114  8:07  Medivac  
  114  8:08  Marine  
  114  8:09  Marine x6  
  114  8:12  Marine  
  114  8:14  Marine  
  114  8:17  Siege Tank  
  119  8:20  Medivac  
  119  8:21  Marine x3  
  119  8:25  Marine  
  125  8:27  Marine x6  
  125  8:30  Marine  
  125  8:31  Marine  
  133  8:39  Marine x3  
  121  8:43  Marine  
  121  8:44  Medivac  
  121  8:45  Marine  
  121  8:48  Marine x6  
  120  8:49  Marine  
  120  8:50  Siege Tank  
  129  8:56  Marine  
  129  8:57  Marine x2  
  129  9:01  Marine  
  133  9:03  Marine, Medivac  
  133  9:06  Marine x5  
  135  9:11  Marine x2  
  135  9:14  Marine, Medivac  
  135  9:15  Marine  
  135  9:16  Command Center  
  141  9:19  Marine  
  141  9:20  Supply Depot  
  141  9:22  Marine x2  
  141  9:24  Marine  
  145  9:25  Marine  
  145  9:26  Marine  
Show
View Real Time Build Order
Export as new Build Order

Lambo Zerg 

Build Orders: Hatch First 

Get SALT Encoding   

  12  0:00  Drone  
  13  0:12  Overlord  
  13  0:17  Drone  
  14  0:31  Drone x2  
  16  0:47  Hatchery  
  15  0:51  Drone  
  15  0:54  Drone  
  17  0:58  Drone  
  18  1:08  Extractor  
  17  1:12  Spawning Pool  
  17  1:16  Drone  
  17  1:19  Drone  
  18  1:28  Drone  
  19  1:39  Drone  
  20  1:49  Drone  
  21  1:59  Queen x2  
  21  2:00  Zergling x4  
  27  2:13  Hatchery  
  26  2:18  Overlord  
  26  2:21  Drone  
  27  2:24  Drone  
  28  2:32  Metabolic Boost  
  28  2:38  Drone x3  
  31  2:44  Drone  
  31  2:50  Overlord  
  32  2:52  Queen  
  32  2:56  Drone  
  32  2:57  Drone  
  35  3:04  Drone  
  36  3:08  Drone x3  
  36  3:09  Drone  
  40  3:14  Queen  
  40  3:16  Drone  
  43  3:21  Drone  
  43  3:27  Queen, Overlord  
  45  3:38  Zergling x2  
  45  3:39  Zergling x6  
  49  3:47  Zergling x2  
  49  3:48  Zergling x2  
  51  3:49  Queen  
  51  3:52  Drone x3  
  56  3:57  Drone  
  56  4:00  Overlord  
  56  4:01  Overlord  
  57  4:15  Overlord  
  57  4:18  Queen, Drone x4  
  57  4:19  Overlord  
  57  4:20  Drone  
  64  4:26  Drone  
  64  4:28  Evolution Chamber  
  64  4:30  Drone  
  65  4:31  Evolution Chamber  
  65  4:32  Drone x2  
  65  4:34  Zergling x2  
  67  4:39  Zergling x2  
  67  4:40  Drone x7  
  67  4:41  Drone  
  67  4:45  Extractor, Drone  
  76  4:46  Extractor  
  76  4:51  Drone  
  76  4:53  Drone  
  76  4:56  Spore Crawler  
  76  4:58  Drone  
  76  4:59  Drone, Zerg Ground Armor Level 1, Zerg Melee Weapons Level 1  
  78  5:03  Drone x3  
  78  5:06  Drone x2  
  83  5:08  Drone x2  
  83  5:11  Overlord  
  83  5:12  Drone  
  86  5:16  Lair  
  86  5:20  Drone x2  
  88  5:21  Overlord  
  88  5:25  Extractor  
  87  5:34  Baneling Nest  
  87  5:35  Zergling x12  
  92  5:36  Hatchery  
  91  5:44  Zergling x12  
  91  5:46  Queen  
  97  5:53  Zergling x4  
  99  6:01  Zergling x6  
  99  6:02  Zergling x6  
  105  6:10  Zergling x2  
  105  6:11  Overlord  
  105  6:12  Overlord x2  
  105  6:13  Overlord x2  
  105  6:20  Centrifical Hooks  
  105  6:23  Overlord  
  105  6:30  Baneling x15  
  105  6:31  Zergling x16  
  113  6:34  Zergling x8  
  115  6:40  Queen  
  115  6:42  Zergling x2  
  115  6:43  Zergling x2  
  115  6:45  Drone  
  120  6:50  Drone x2  
  120  6:54  Zerg Ground Armor Level 2, Zerg Melee Weapons Level 2, Zergling x2  
  123  6:56  Zergling x2  
  123  7:00  Hatchery  
  123  7:05  Drone x3  
  126  7:10  Drone  
  126  7:11  Drone x2  
  126  7:12  Drone x3  
  126  7:15  Overlord  
  132  7:19  Hatchery  
  132  7:20  Zergling x10  
  136  7:24  Baneling x8  
  136  7:27  Zergling x8  
  140  7:33  Zergling x4  
  141  7:39  Zergling x16  
  117  7:47  Zergling x2  
  117  7:48  Zergling x4  
  117  7:49  Baneling x9  
  117  7:50  Queen  
  121  7:52  Zergling x2  
  121  7:55  Zergling x2  
  115  7:58  Zergling x6  
  99  8:06  Zergling x2  
  99  8:08  Zergling x4  
  99  8:11  Baneling  
  99  8:12  Zergling x4, Baneling x10  
  97  8:16  Zergling x2  
  97  8:17  Zergling x10  
  97  8:19  Zergling x6  
  103  8:20  Zergling x2  
  103  8:22  Zergling x6, Baneling x6  
  103  8:25  Zergling x2  
  103  8:26  Queen x2  
  108  8:30  Zergling x4  
  113  8:35  Zergling x6  
  102  8:41  Zergling x6  
  102  8:43  Queen x2  
  102  8:45  Zergling x6  
  102  8:47  Zergling x4  
  101  8:52  Baneling x6  
  101  8:53  Zergling x4  
  101  8:54  Zergling x4  
  102  8:57  Zergling x6  
  102  9:01  Zergling x8  
  102  9:02  Queen  
  108  9:04  Zergling x2  
  108  9:06  Queen, Zergling x2  
  107  9:11  Zergling x2  
  107  9:17  Zergling x8  
  112  9:18  Baneling  
  112  9:19  Zergling x2, Baneling x4  
  112  9:23  Zergling x2  
  112  9:24  Zergling x4  
Tags
 
Add a new tag
Caveats
  • Supply blocks, unpowered buildings, or Contaminate may cause inaccurate times.
  • Supply counts are checked every 10 seconds.